 Dungeon Crawl Stone Soup version 0.28-a0-796-gd4f0d3f9b2 (webtiles) character file.

Game seed: 5540606884400245604

1928 Decritt the Cudgeller (level 8, -1/69 (73) HPs)
             Began as a Minotaur Monk on Nov 6, 2021.
             Slain by a wight (2 damage)
             ... on level 6 of the Dungeon.
             The game lasted 00:15:35 (5428 turns).

Decritt the Cudgeller (Minotaur Monk)               Turns: 5428, Time: 00:15:36

HP:   -1/69 (73)    AC:  9    Str: 19    XL:     8   Next: 96%
MP:   7/7           EV: 13    Int:  7    God:
Gold: 276           SH:  0    Dex: 18    Spells: 7/7 levels left

rFire   . . .      SeeInvis .   n - +4 quarterstaff (chaos)
rCold   . . .      Faith    .   (shield currently unavailable)
rNeg    + . .      Spirit   .   t - +0 scale mail
rPois   .          Reflect  .   (helmet restricted)
rElec   .          Harm     .   p - +0 cloak
rCorr   .          Rampage  .   (no gloves)
Will    .....                   (no boots)
Stlth   +.........              (no amulet)
HPRegen 0.21/turn               e - +6 ring of dexterity
MPRegen 0.10/turn               v - ring of positive energy

@: hasted, drained, very quick
A: horns 2, retaliatory headbutt
a: no special abilities


You were on level 6 of the Dungeon.
You visited 1 branch of the dungeon, and saw 6 of its levels.

You collected 276 gold pieces.

Inventory:

Hand Weapons
 a - a +0 mace
 n - a +4 quarterstaff of chaos (weapon)
 o - a +0 mace of protection
 B - a +2 whip of flaming
Missiles
 f - 66 stones (quivered)
Armour
 b - a +0 robe
 i - a +0 kite shield
 p - a +0 cloak (worn)
 q - a +0 leather armour
 t - a +0 scale mail (worn)
Jewellery
 e - a +6 ring of dexterity (left hand)
 k - a ring of fire
 v - a ring of positive energy (right hand)
Wands
 g - a wand of paralysis (4)
 r - a wand of flame (8)
 s - a wand of iceblast (4)
 C - a wand of charming (9)
Scrolls
 c - a scroll of fear
 h - a scroll of enchant weapon {unknown}
 j - a scroll of noise {unknown}
 l - a scroll of silence {unknown}
 m - a scroll of vulnerability {unknown}
 u - a scroll of enchant armour {unknown}
 y - 2 scrolls of teleportation
 A - a scroll of fog {unknown}
 D - a scroll of blinking {unknown}
Potions
 d - a potion of might
 w - 2 potions of haste
 x - a potion of heal wounds
 z - a potion of curing


   Skills:
 + Level 7.6 Fighting
 + Level 7.7 Maces & Flails
 - Level 3.5 Throwing
 * Level 7.3 Armour
 + Level 5.8 Dodging
 - Level 1.5 Stealth


You had 7 spell levels left.
You didn't know any spells.
Your spell library contained the following spells:

 Spells                   Type           Power      Damage    Failure   Level
 Corpse Rot               Necr/Air       0%         N/A       88%         2
 Poisonous Vapours        Pois/Air       0%         N/A       88%         2
 Stone Arrow              Conj/Erth      0%         3d7       98%         3
 Animate Armour           Summ/Erth      0%         N/A       100%        4
 Lehudib's Crystal Spear  Conj/Erth      0%         10d2      100%        8


Dungeon Overview and Level Annotations

Branches:
Dungeon (6/15)
 Temple: D:4-7

Altars:
Nemelex Xobeh
Qazlal
Wu Jian
Zin


Innate Abilities, Weirdness & Mutations

You have a pair of horns on your head.
You reflexively headbutt those who attack you in melee.


Message History

You barely miss the wight. The wight hits you but does no damage.
A wight comes into view. It is wielding a +0 falchion.
You thump the wight!
Space warps horribly around the wight!
You destroy the wight!
The wight hits you from afar with a +3 spear of freezing.
You partially resist.
You feel drained. The wight freezes you.
You hit the wight but do no damage.
The wight flickers and vanishes!
Deactivating autopickup; reactivate with Ctrl-A.
You headbutt something!
The wight hits you from afar with a +3 spear of freezing.
The wight freezes you.
You barely miss the wight. Something hits you but does no damage.
The wight barely misses you. The wight hits you with a +0 battleaxe.
You closely miss the wight.
An ogre comes into view. It is wielding a +0 giant spiked club.
Something hits you but does no damage. The wight barely misses you.
You hit the wight.
The wight is heavily damaged.
Something hits you. The wight barely misses you. x2
The wight hits you with a +0 falchion.
You hit the wight but do no damage. Lightning courses through the wight!
You destroy the wight!
Something hits you. You partially resist.
You feel drained. The wight misses you. The wight hits you with a +0 battleaxe!
You partially resist.
You feel drained.
You sock the ogre! You burn the ogre.
The ogre is severely wounded.
Something hits you.
* * * LOW HITPOINT WARNING * * *
You partially resist.
You feel drained.
The ogre hits you with a +0 giant spiked club!
* * * LOW HITPOINT WARNING * * *
The wight barely misses you. The wight misses you. Something barely misses you.
You feel yourself speed up.
The ogre hits you with a +0 giant spiked club!
* * * LOW HITPOINT WARNING * * *
The wight hits you from afar with a +3 spear of freezing.
* * * LOW HITPOINT WARNING * * *
You partially resist.
You feel drained. The wight freezes you.
You die...

#..####..'.#.......
#..8##8..#.'.....<.
#........#.#.......
#
#..(.....#.#...##..
#.
##########.#...##..
#.. #..#
#..##...##.. #...
#..####..#######..
#...z#z....#...#
#...
#....O@....'...##
##..
#...##...###....#
### #. #...###.####
#....#...#
#....#...#
##+###..## ####


You could see an ogre and 2 wights.

Vanquished Creatures
  Pikel (D:5)
  Sigmund (D:3)
  2 sky beasts
  2 black bears (D:5)
  2 phantoms
  A lemure (D:6)
  3 scorpions
  2 wights (D:6)
  2 bullfrog skeletons
  4 hounds
  An orc priest (D:5)
  Crazy Yiuf (D:2)
  A jelly (D:5)
  3 iguanas
  A killer bee zombie (D:5)
  A hound skeleton (D:4)
  A howler monkey skeleton (D:5)
  2 adders
  4 gnolls
  A shadow imp (D:5)
  2 ufetubi
  3 worms
  A dart slug (D:3)
  8 orcs
  6 ball pythons
  7 bats
  8 endoplasms
  3 giant cockroaches
  4 goblins
  9 hobgoblins
  5 jackals
  2 quokkas
  2 frilled lizards (D:1)
  5 kobolds
  6 rats
107 creatures vanquished.

Vanquished Creatures (others)
  A plant (D:2)
1 creature vanquished.

Grand Total: 108 creatures vanquished

Notes
Turn   | Place    | Note
-------+----------+-------------------------------------------
     0 | D:1      | Decritt the Minotaur Monk began the quest for the Orb.
     0 | D:1      | Reached XP level 1. HP: 19/19 MP: 0/0
   216 | D:1      | Reached XP level 2. HP: 21/27 MP: 1/1
   708 | D:1      | Reached XP level 3. HP: 27/34 MP: 2/2
  1534 | D:2      | Found a faded altar of an unknown god.
  1805 | D:2      | Found a runed translucent door.
  1806 | D:2      | Noticed Crazy Yiuf
  1815 | D:2      | Killed Crazy Yiuf
  1816 | D:2      | Reached skill level 5 in Fighting
  1816 | D:2      | Reached XP level 4. HP: 5/42 MP: 3/3
  2269 | D:2      | Reached skill level 5 in Maces & Flails
  2418 | D:3      | Reached skill level 1 in Throwing
  2438 | D:3      | Reached XP level 5. HP: 47/48 MP: 4/4
  2479 | D:3      | Found an ornate altar of the Wu Jian Council.
  2548 | D:3      | Found a glowing silver altar of Zin.
  2776 | D:3      | Noticed Sigmund
  2796 | D:3      | Killed Sigmund
  2797 | D:3      | Reached XP level 6. HP: 42/58 MP: 5/5
  3213 | D:4      | Reached skill level 1 in Armour
  3529 | D:4      | Found a stormy altar of Qazlal.
  3615 | D:4      | Found a sparkling altar of Nemelex Xobeh.
  3797 | D:4      | Reached XP level 7. HP: 61/64 MP: 6/6
  3833 | D:5      | Entered Level 5 of the Dungeon
  4788 | D:5      | Reached XP level 8. HP: 68/71 MP: 7/7
  4790 | D:5      | Reached skill level 5 in Armour
  5111 | D:6      | Reached skill level 5 in Dodging
  5114 | D:6      | Noticed Pikel
  5156 | D:5      | Killed Pikel
  5428 | D:6      | HP: 1/70 [wight (3)]
  5428 | D:6      | Slain by a wight

Illustrated notes

Levels and vault maps discovered:
D:1:      giann_forest_graveyard, layout_basic
D:2:      layout_basic, dreamdust_ecumenical_altar_grove, minivault_26,
          grunt_ministairs_11, uniq_crazy_yiuf_cottage
D:3:      layout_basic, mainiacjoe_overflow_concentric_impassable,
          mainiacjoe_overflow_alcove_4, uniq_sigmund
D:4:      layout_basic, mainiacjoe_overflow_tiny_flanked, lemuel_crystal_altar
D:5:      layout_gridville, chequers_serial_rivers_micro_a,
          corexii_leaking_fountain
D:6:      layout_gridville, kennysheep_ying_yang,
          gammafunk_temple_overflow_statue, grunt_decor_fettered,
          kennysheep_generic_room_6, uniq_pikel

Skill      XL: |  1  2  3  4  5  6  7  8 |
---------------+-------------------------+-----
Fighting       | 4 5 6 7 |  7.6
Maces & Flails | 4 5 6 7 |  7.7
Throwing       | 1 2 3 |  3.5
Armour         | 2 4 7 |  7.3
Dodging        | 4 5 |  5.8
Stealth        | |  1.5

Action                   |  1- 3 |  4- 6 |  7- 9 || total
-------------------------+-------+-------+-------++-------
Melee: Mace              |    94 |       |       ||    94
       Headbutt          |    15 |     9 |    14 ||    38
       Quarterstaff      |       |    67 |    79 ||   146
Throw: Stone             |    13 |    82 |    88 ||   183
  Use: Scroll            |       |     5 |     2 ||     7
       Potion            |       |       |     1 ||     1
 Stab: Sleeping          |     4 |       |       ||     4
Armor: Robe              |    15 |     1 |       ||    16
       Scale mail        |       |    12 |    31 ||    43
Dodge: Dodged            |    68 |    23 |    50 ||   141
Block: Kite shield       |     5 |       |       ||     5

Table legend: (Time is in decaauts)
 A = Elapsed time spent in this place.
 B = Non-inter-level travel time spent in this place.
 C = Inter-level travel time spent in this place.
 D = Time resting spent in this place.
 E = Time spent auto-exploring this place.
 F = Levels seen in this place.
 G = Mean time per level.
                   A        B        C        D        E       F      G
               +--------+--------+--------+--------+--------+-----+--------+
         Total |   5458 |   5332 |    126 |    831 |   3557 |   6 |  909.7 |
       Dungeon |   5458 |   5332 |    126 |    831 |   3557 |   6 |  909.7 |
               +--------+--------+--------+--------+--------+-----+--------+

Top non-repeatable levels by time:
     D:5: 1311 daAuts
     D:2: 1302 daAuts
     D:1: 1116 daAuts
     D:3: 796 daAuts
     D:4: 645 daAuts
     D:6: 287 daAuts
